 Dungeon Crawl Stone Soup version 0.21.1-1-g345015fe64 (webtiles) character file.

9 Kohma the Grave Robber (level 2, -3/20 HPs)
             Began as a Hill Orc Necromancer on June 9, 2018.
             Killed from afar by a dart slug (4 damage)
             ... with a slug dart
             ... on level 1 of the Dungeon.
             The game lasted 00:03:05 (821 turns).

Kohma the Grave Robber (Hill Orc Necromancer)        Turns: 821, Time: 00:03:06

Health: -3/20      AC:  2    Str: 10    XL:     2   Next: 16%
Magic:  1/4        EV: 12    Int: 15    God:
Gold:   45         SH:  0    Dex: 11    Spells: 2/4 levels left

rFire    . . .     SeeInvis .   d - +0 dagger
rCold    . . .     Gourm    .   (no shield)
rNeg     . . .     Faith    .   a - +0 robe
rPois    .         Spirit   .   (no helmet)
rElec    .         Reflect  .   (no cloak)
rCorr    .         Harm     .   (no gloves)
MR       .....                  (no boots)
Stlth    ++........             (no amulet)
HPRegen  0.06/turn              (no ring)
MPRegen  0.09/turn              (no ring)

@: no status effects
A: no striking features
a: no special abilities


You were on level 1 of the Dungeon.
You were not hungry.

You visited 1 branch of the dungeon, and saw 2 of its levels.

You collected 45 gold pieces.

Inventory:

Hand Weapons
 d - a +0 dagger (weapon)
Missiles
 e - 29 stones (quivered)
Armour
 a - a +0 robe (worn)
Jewellery
 f - an uncursed ring of ice {unknown}
 i - an uncursed ring of flight {unknown}
Scrolls
 h - a scroll of identify {unknown}
 j - a scroll of teleportation {unknown}
Potions
 g - a potion of flight {unknown}
Books
 b - a book of Necromancy

   Spells                             Type                      Level
   a - Pain                           Necromancy                   1
   b - Animate Skeleton               Necromancy                   1
   c - Vampiric Draining              Necromancy                   3
   d - Regeneration                   Charms/Necromancy            3
   e - Animate Dead                   Necromancy                   4
   f - Borgnjor's Vile Clutch         Necromancy/Earth             5
Comestibles
 c - a ration
 k - 4 chunks of flesh


   Skills:
 + Level 0.1 Fighting
 * Level 0.1 Armour
 - Level 1.7 Dodging
 - Level 1.7 Stealth
 + Level 1.7 Spellcasting
 * Level 4.1 Necromancy


You had 2 spell levels left.
You knew the following spells:

 Your Spells              Type           Power        Failure   Level  Hunger
a - Pain                  Necr           ##..         4%          1    ##.....
b - Animate Skeleton      Necr           N/A          4%          1    ##.....


Dungeon Overview and Level Annotations

Branches:
Dungeon (2/15)

Altars:


Message History

You don't have enough magic to cast that spell.
Unknown command.
You hit the dart slug but do no damage.
The dart slug is heavily wounded.
The dart slug misses you.
The dart slug bites your hobgoblin skeleton.
Your hobgoblin skeleton is destroyed!
You hit the dart slug.
The dart slug is severely wounded.
The dart slug launches a dart at you. The slug dart hits you!
* * * LOW HITPOINT WARNING * * *
You hit the dart slug but do no damage.
The dart slug is severely wounded.
The dart slug launches a dart at you. The slug dart hits you!
* * * LOW HITPOINT WARNING * * *
The dart slug launches a dart at you. The slug dart hits you!
You die...

................#........#.#.....
#####.########...........#.#.####
......#.....##.##.###............
#####.#.###.##....###.......)####
....#.#.#<#.########.............
###.#.#...#.# ........#.#.######
..#.#.#####.# #.........#.###...
#.#.#.......# #.# #.#......(..##
#.#.#.####### #@# #.#.#.#.#####.
#Z#.#)....... #.# #.....#.###...
#.#Z#.####### ##.# #.....#.......
#.#.#.......#.#.w# #.....#####...
#.#.#.#.#####...w###.....# ####
#...#.#.#...#.#...)....#.#
#####.#Z#.#.#.#.######.#.#
.Z..#.#.#.#Z#... #.#.#
###.#Z#.###.#.#. #.#.#


You could see 2 dart slugs.

Vanquished Creatures
  A hobgoblin (D:1)
  2 jackals (D:1)
  A ball python (D:1)
  4 kobolds (D:1)
  A rat (D:1)
9 creatures vanquished.

Vanquished Creatures (collateral kills)
  A jackal (D:1)
1 creature vanquished.

Grand Total: 10 creatures vanquished

Notes
Turn   | Place    | Note
-------+----------+-------------------------------------------
     0 | D:1      | Kohma the Hill Orc Necromancer began the quest for the Orb.
     0 | D:1      | Reached XP level 1. HP: 14/14 MP: 3/3
    13 | D:1      | Learned a level 1 spell: Animate Skeleton
   599 | D:1      | Reached XP level 2. HP: 14/20 MP: 0/4
   817 | D:1      | HP: 1/20 [dart slug/slug dart (5)]
   821 | D:1      | Killed from afar by a dart slug

Action                   || total
-------------------------++-------
Melee: Dagger            ||    19
 Cast: Pain              ||    14
       Animate Skeleton  ||     6
Armor: Robe              ||     4
Dodge: Dodged            ||    10
